 Dungeon Crawl Stone Soup version 0.28.0-43-g3370ac3207 (webtiles) character file.

Game seed: 8354396942712435687

152 AlmostDecent the Digger (level 5, 0/37 HPs)
             Began as a Gnoll Earth Elementalist on Mar 30, 2022.
             Slain by a scorpion (2 damage)
             ... on level 4 of the Dungeon.
             The game lasted 00:09:30 (3378 turns).

AlmostDecent the Digger (Gnoll Earth Elementalist)  Turns: 3378, Time: 00:09:31

Health: 0/37       AC: 11    Str:  7    XL:     5   Next: 34%
Magic:  11/12      EV: 11    Int: 15    God:
Gold:   1057       SH:  0    Dex: 17    Spells: 10/14 levels left

rFire   . . .      SeeInvis .   k - +0 whip
rCold   . . .      Faith    .   (no shield)
rNeg    . . .      Spirit   .   r - +4 ring mail "Laefi" {Regen+ rCorr Int-2 Dex+5}
rPois   .          Reflect  .   (no helmet)
rElec   .          Harm     .   d - +1 cloak
rCorr   +          Rampage  .   (no gloves)
Will    .....                   (no boots)
Stlth   ++........              (no amulet)
HPRegen 0.92/turn               (no ring)
MPRegen 0.13/turn               (no ring)

@: brilliant, lethally poisoned (0 -> -2)
A: fangs 1, strong nose, distributed training, deterioration 1, mutation
resistance 1, MP-powered wands
a: no special abilities


You were on level 4 of the Dungeon.
You visited 1 branch of the dungeon, and saw 4 of its levels.

You collected 1057 gold pieces.

Inventory:

Hand Weapons
 k - a +0 whip (weapon)
Armour
 b - a +0 robe
 d - a +1 cloak (worn)
 r - the +4 ring mail "Laefi" (worn) {Regen+ rCorr Int-2 Dex+5}
   (You found it on level 4 of the Dungeon)

   Int:       It affects your intelligence (-2).
   Dex:       It affects your dexterity (+5).
   Regen:     It increases your rate of health regeneration.
   rCorr:     It protects you from acid and corrosion.
Wands
 n - a wand of iceblast (11)
Scrolls
 e - a scroll of blinking
 h - 2 scrolls of teleportation
 j - 2 scrolls of silence
 p - a scroll of vulnerability
Potions
 a - a potion of lignification


   Skills:
 + Level 1.4 Fighting
 + Level 1.4 Short Blades
 + Level 1.4 Long Blades
 + Level 1.4 Axes
 + Level 1.4 Maces & Flails
 + Level 1.4 Polearms
 + Level 1.4 Staves
 + Level 1.4 Slings
 + Level 1.4 Bows
 + Level 1.4 Crossbows
 + Level 1.4 Throwing
 + Level 1.4 Armour
 + Level 4.8 Dodging
 + Level 4.4 Stealth
 + Level 1.4 Shields
 + Level 1.4 Unarmed Combat
 + Level 5.2 Spellcasting
 + Level 1.1 Conjurations
 + Level 1.1 Hexes
 + Level 1.1 Summonings
 + Level 1.1 Necromancy
 + Level 1.1 Translocations
 + Level 2.4 Transmutations
 + Level 1.1 Fire Magic
 + Level 1.1 Ice Magic
 + Level 1.1 Air Magic
 + Level 5.5 Earth Magic
 + Level 1.1 Poison Magic
 + Level 1.6 Invocations
 + Level 1.4 Evocations


You had 10 spell levels left.
You knew the following spells:

 Your Spells              Type           Power      Damage    Failure   Level
a - Sandblast             Erth           60%        2d14      5%          1
b - Stone Arrow           Conj/Erth      42%        3d9       36%         3

Your spell library contained the following spells:

 Spells                   Type           Power      Damage    Failure   Level
 Passwall                 Tmut/Erth      19%        N/A       16%         2
 Magic Dart               Conj           44%        1d5       32%         1
 Blink                    Tloc           22%        N/A       45%         2
 Call Imp                 Summ           11%        N/A       45%         2
 Lesser Beckoning         Tloc           11%        N/A       69%         3
 Mephitic Cloud           Conj/Pois/Air  11%        N/A       69%         3
 Petrify                  Tmut/Erth      23%        N/A       71%         4
 Manifold Assault         Tloc           11%        N/A       100%        5
 Borgnjor's Revivificati  Necr           5%         N/A       100%        8
 Necromutation            Tmut/Necr      6%         N/A       100%        8
 Death's Door             Necr           5%         N/A       100%        9


Dungeon Overview and Level Annotations

Branches:
Dungeon (4/15)
 Temple: D:4-7

Altars:
Dithmenos
Trog
Uskayaw

Annotations:
D:4 Blork the orc, Menkaure


Innate Abilities, Weirdness & Mutations

You have very sharp teeth.
Your uncanny sense of smell can sniff out nearby items.
Your experience applies equally to all skills.
Your body sometimes deteriorates upon taking damage.
You are somewhat resistant to further mutation.
You expend magic power (3 MP) to strengthen your wands.


Message History

You hit the scorpion but do no damage.
The scorpion is severely wounded.
You feel sick. The scorpion stings you.
You are too injured to fight recklessly!
You are too injured to fight recklessly!
You are too injured to fight recklessly!
You hit the scorpion.
The scorpion is severely wounded.
You feel sick. The scorpion stings you. x2
You hit the scorpion but do no damage.
The scorpion is severely wounded.
You feel sick.
The scorpion stings you but does no damage.
You hit the scorpion.
The scorpion is severely wounded.
You feel sick. The scorpion closely misses you.
You hit the scorpion. Your bite misses the scorpion.
The scorpion is almost dead.
You feel sick. The scorpion misses you.
You hit the scorpion.
The scorpion is almost dead.
You feel sick. The scorpion stings you!
* * * LOW HITPOINT WARNING * * *
You are lethally poisoned!
The scorpion poisons you!
The scorpion stings you but does no damage.
It was a potion of brilliance.
You feel clever all of a sudden.
* * * LOW HITPOINT WARNING * * *
You feel very sick.
The scorpion stings you but does no damage.
It was a potion of mutation.
You feel extremely strange.
You feel your magical essence link to the dungeon's wands.
You feel genetically stable.
You feel yourself wasting away.
* * * LOW HITPOINT WARNING * * *
You feel very sick.
The scorpion stings you but does no damage.
* * * LOW HITPOINT WARNING * * *
You feel sick. The scorpion stings you.
You die...

.####.#...##.
#...#.....#.#
#..........##
#..........## ....##
##......?.....
......##.............
.....................
..#..........s.......
#...........@....###.
#......#.......##
#.............##
#....†...###..#
#..####..## ##.# ##.#
.# #.# .. #.# #.# #.#


You could see a scorpion.

Vanquished Creatures
  An orc priest (D:3)
  An orc wizard (D:3)
  3 adders
  A worm (D:2)
  2 dart slugs (D:1)
  2 orcs (D:3)
  4 ball pythons
  5 endoplasms
  5 giant cockroaches
  5 hobgoblins
  2 jackals (D:2)
  6 kobolds
  3 quokkas
  12 bats
  4 frilled lizards
  3 goblins
  4 rats
63 creatures vanquished.

Notes
Turn   | Place    | Note
-------+----------+-------------------------------------------
     0 | D:1      | AlmostDecent the Gnoll Earth Elementalist began the quest
                  | for the Orb.
     0 | D:1      | Reached XP level 1. HP: 13/13 MP: 6/6
    56 | D:1      | Reached XP level 2. HP: 19/19 MP: 3/7
   495 | D:1      | Reached XP level 3. HP: 25/25 MP: 7/9
   638 | D:1      | Reached skill level 5 in Spellcasting
   735 | D:2      | Found a bloodstained altar of Trog.
   879 | D:2      | Learned a level 3 spell: Stone Arrow
  1014 | D:2      | Reached skill level 1 in Invocations
  1454 | D:2      | Found a faded altar of an unknown god.
  1468 | D:2      | Reached skill level 1 in Fighting
  1468 | D:2      | Reached skill level 1 in Short Blades
  1468 | D:2      | Reached skill level 1 in Long Blades
  1468 | D:2      | Reached skill level 1 in Axes
  1468 | D:2      | Reached skill level 1 in Maces & Flails
  1468 | D:2      | Reached skill level 1 in Polearms
  1468 | D:2      | Reached skill level 1 in Staves
  1468 | D:2      | Reached skill level 1 in Slings
  1468 | D:2      | Reached skill level 1 in Bows
  1468 | D:2      | Reached skill level 1 in Crossbows
  1468 | D:2      | Reached skill level 1 in Throwing
  1468 | D:2      | Reached skill level 1 in Armour
  1468 | D:2      | Reached skill level 1 in Shields
  1468 | D:2      | Reached skill level 1 in Unarmed Combat
  1468 | D:2      | Reached skill level 1 in Evocations
  1820 | D:2      | Reached XP level 4. HP: 32/32 MP: 7/11
  2009 | D:3      | You fall into a shaft and drop 1 floor!
  2471 | D:3      | Found a hide-covered altar of Uskayaw.
  2475 | D:3      | Found a shadowy altar of Dithmenos.
  2486 | D:3      | Reached skill level 1 in Conjurations
  2486 | D:3      | Reached skill level 1 in Hexes
  2486 | D:3      | Reached skill level 1 in Summonings
  2486 | D:3      | Reached skill level 1 in Necromancy
  2486 | D:3      | Reached skill level 1 in Translocations
  2486 | D:3      | Reached skill level 1 in Fire Magic
  2486 | D:3      | Reached skill level 1 in Ice Magic
  2486 | D:3      | Reached skill level 1 in Air Magic
  2486 | D:3      | Reached skill level 1 in Poison Magic
  2492 | D:3      | Reached XP level 5. HP: 17/37 MP: 3/12
  3055 | D:4      | Noticed Menkaure
  3057 | D:4      | Identified the +4 ring mail "Laefi" {Regen+ rCorr Int-2
                  | Dex+5}
  3115 | D:4      | Noticed Blork the orc
  3277 | D:3      | Identified a scroll of acquirement
  3277 | D:3      | Acquired 958 gold pieces
  3377 | D:4      | Gained mutation: You expend magic power (3 MP) to
                  | strengthen your wands. [potion of mutation]
  3377 | D:4      | Gained mutation: You are somewhat resistant to further
                  | mutation. [potion of mutation]
  3377 | D:4      | Gained mutation: Your body sometimes deteriorates upon
                  | taking damage. [potion of mutation]
  3378 | D:4      | Slain by a scorpion

Illustrated notes

Levels and vault maps discovered:
D:1:      onia_arrival_mini_spirals, layout_basic
D:2:      layout_loops_cross, shapermc_ecumenical_altar_totnotflames,
          basic_altar
D:3:      layout_basic, grunt_temple_overflow_open
D:4:      layout_layer_cave, uniq_duvessa, uniq_menkaure, uniq_blork_the_orc

Skill      XL: |  1  2  3  4 |
---------------+-------------+-----
Transmutations | 2 |  2.4
Spellcasting   | 5 |  5.2
Invocations    | 1 |  1.6
Fighting       | 1 |  1.4
Short Blades   | 1 |  1.4
Long Blades    | 1 |  1.4
Axes           | 1 |  1.4
Maces & Flails | 1 |  1.4
Polearms       | 1 |  1.4
Staves         | 1 |  1.4
Slings         | 1 |  1.4
Bows           | 1 |  1.4
Crossbows      | 1 |  1.4
Throwing       | 1 |  1.4
Armour         | 1 |  1.4
Shields        | 1 |  1.4
Unarmed Combat | 1 |  1.4
Evocations     | 1 |  1.4
Conjurations   | 1 |  1.1
Hexes          | 1 |  1.1
Summonings     | 1 |  1.1
Necromancy     | 1 |  1.1
Translocations | 1 |  1.1
Fire Magic     | 1 |  1.1
Ice Magic      | 1 |  1.1
Air Magic      | 1 |  1.1
Poison Magic   | 1 |  1.1
Dodging        | |  4.8
Stealth        | |  4.4
Earth Magic    | |  5.5

Action                   |  1- 3 |  4- 6 || total
-------------------------+-------+-------++-------
Melee: Unarmed           |     7 |       ||     7
       Whip              |     7 |    35 ||    42
       Bite              |     2 |     6 ||     8
 Cast: Sandblast         |    32 |    20 ||    52
       Stone Arrow       |    19 |     8 ||    27
  Use: Scroll            |       |     9 ||     9
       Potion            |       |     2 ||     2
Armor: Robe              |     7 |    10 ||    17
       Ring mail         |       |     8 ||     8
Dodge: Dodged            |    23 |    35 ||    58
